3L
OAKLAND OAKS @ HOUSTON 1837 BBC
10/09/2034
 
TOP OF THE 1ST
Oakland Oaks batting - Pitching for Houston 1837 BBC : RHP Darweshi Hadiya
Pitching: RHP Darweshi Hadiya
Batting: RHB Yehonatan Chazan 0-0: Swinging Strike
0-1: Ball
1-1: Foul Ball, location: 2F
1-2: Foul Ball, location: 2F
1-2: Ball
2-2: Ball
3-2: Foul Ball, location: 2F
3-2: Foul Ball, location: 2F
3-2: Ground out 4-3 (Groundball, 4)
Batting: LHB Obidiah Lewis 0-0: Ball
1-0: Fly out, F4 (Line Drive, 34D)
Batting: RHB Colin O'Connell 0-0: Called Strike
0-1: Ball
1-1: Foul Ball, location: 2F
1-2: Ground out 4-3 (Groundball, 4MS)
Top of the 1st over - 0 runs, 0 hits, 0 errors, 0 left on base; Oakland 0 - Houston 0
BOTTOM OF THE 1ST
Houston 1837 BBC batting - Pitching for Oakland Oaks : LHP Faisal bin Nabeel
Pitching: LHP Faisal bin Nabeel
Batting: LHB Scott Kerin 0-0: Ball
1-0: Ball
2-0: Ball
3-0: Called Strike
3-1: Foul Ball, location: 2F
3-2: Fly out, F9 (Flyball, 89M)
Batting: RHB Joey Trifone 0-0: Swinging Strike
0-1: Ball
1-1: Ball
2-1: Ball
3-1: Foul Ball, location: 2F
3-2: Strikes out swinging
Batting: LHB Kai-ge Choe 0-0: Ball
1-0: Foul Ball, location: 2F
1-1: Foul Ball, location: 2F
1-2: Foul Ball, location: 2F
1-2: Ground out 6-3 (Groundball, 6)
Bottom of the 1st over - 0 runs, 0 hits, 0 errors, 0 left on base; Oakland 0 - Houston 0
TOP OF THE 2ND
Oakland Oaks batting - Pitching for Houston 1837 BBC : RHP Darweshi Hadiya
Batting: RHB Joseph Papasogli 0-0: Ball
1-0: Ball
2-0: Called Strike
2-1: Ball
3-1: Called Strike
3-2: Ground out 6-3 (Groundball, 6)
Batting: RHB Alfonso Nazario 0-0: Ball
1-0: Called Strike
1-1: Ball
2-1: Called Strike
2-2: Ball
3-2: Base on Balls
Batting: RHB Randy Contreras 0-0: Ball
1-0: Called Strike
1-1: Swinging Strike
1-2: Ball
2-2: Ball
3-2: Strikes out swinging
Batting: RHB Juan Alcocer 0-0: Called Strike
0-1: Called Strike
0-2: Ball
1-2: Ball
2-2: Foul Ball, location: 2F
2-2: Ground out 5-3 (Groundball, 56S)
Top of the 2nd over - 0 runs, 0 hits, 0 errors, 1 left on base; Oakland 0 - Houston 0
BOTTOM OF THE 2ND
Houston 1837 BBC batting - Pitching for Oakland Oaks : LHP Faisal bin Nabeel
Batting: RHB Phil Sherman 0-0: Ball
1-0: Ball
2-0: Swinging Strike
2-1: Foul Ball, location: 2F
2-2: Foul Ball, location: 2F
2-2: Ground out 6-3 (Groundball, 6)
Batting: RHB Komotay Koffie 0-0: Called Strike
0-1: Foul Ball, location: 2F
0-2: Strikes out looking
Batting: RHB Jon Osterman 0-0: Ball
1-0: Foul Ball, location: 2F
1-1: Foul Ball, location: 2F
1-2: Foul Ball, location: 2F
1-2: Ball
2-2: Foul Ball, location: 2F
2-2: Foul Ball, location: 2F
2-2: Foul Ball, location: 2F
2-2: Strikes out swinging
Bottom of the 2nd over - 0 runs, 0 hits, 0 errors, 0 left on base; Oakland 0 - Houston 0
TOP OF THE 3RD
Oakland Oaks batting - Pitching for Houston 1837 BBC : RHP Darweshi Hadiya
Batting: SHB Luis Luquín 0-0: Ground out 4-3 (Groundball, 4)
Batting: RHB Esteban Vázquez 0-0: Foul Ball, location: 2F
0-1: Foul Ball, location: 2F
0-2: Ball
1-2: Foul Ball, location: 2F
1-2: Foul Ball, location: 2F
1-2: Fly out, F4 (Line Drive, 4M)
Batting: RHB Yehonatan Chazan 0-0: Called Strike
0-1: Ball
1-1: Ball
2-1: Ball
3-1: Base on Balls
Batting: LHB Obidiah Lewis 0-0: Ball
1-0: Ball
2-0: Fly out, F8 (Flyball, 8RS)
Top of the 3rd over - 0 runs, 0 hits, 0 errors, 1 left on base; Oakland 0 - Houston 0
BOTTOM OF THE 3RD
Houston 1837 BBC batting - Pitching for Oakland Oaks : LHP Faisal bin Nabeel
Batting: RHB Juan Chávez 0-0: Called Strike
0-1: Called Strike
0-2: SINGLE (Groundball, 34D)
Batting: LHB Mike Houston 0-0: Ball
1-0: TRIPLE (Line Drive, 89XD)
Juan Chávez scores
Batting: RHB Eugene Bennett 0-0: Called Strike
0-1: Ball
1-1: Foul Ball, location: 2F
1-2: Fly out, F8 (Flyball, 8LD)
Runner from 3rd tags up, SCORES, no throw
Batting: LHB Scott Kerin 0-0: Ball
1-0: SINGLE (Flyball, 78M)
Batting: RHB Joey Trifone 0-0: Called Strike
0-1: Swinging Strike
0-2: Ground out 4-3 (Groundball, 34)
Scott Kerin to second
Batting: LHB Kai-ge Choe 0-0: Foul Ball, location: 2F
0-1: Foul Ball, location: 2F
0-2: Ball
1-2: DOUBLE (Line Drive, 9LS)
Scott Kerin scores
Batting: RHB Phil Sherman 0-0: Ball
1-0: Ball
2-0: Ground out 5-3 (Groundball, 5L)
Bottom of the 3rd over - 3 runs, 4 hits, 0 errors, 1 left on base; Oakland 0 - Houston 3
TOP OF THE 4TH
Oakland Oaks batting - Pitching for Houston 1837 BBC : RHP Darweshi Hadiya
Batting: RHB Colin O'Connell 0-0: Ball
1-0: Ball
2-0: Ground out 5-3 (Groundball, 56S)
Batting: RHB Joseph Papasogli 0-0: Called Strike
0-1: Ball
1-1: Foul Ball, location: 2F
1-2: Ball
2-2: Ground out 6-3 (Groundball, 6)
Batting: RHB Alfonso Nazario 0-0: Ball
1-0: Ground out 6-3 (Groundball, 6)
Top of the 4th over - 0 runs, 0 hits, 0 errors, 0 left on base; Oakland 0 - Houston 3
BOTTOM OF THE 4TH
Houston 1837 BBC batting - Pitching for Oakland Oaks : LHP Faisal bin Nabeel
Batting: RHB Komotay Koffie 0-0: Foul Ball, location: 2F
0-1: Ball
1-1: Foul Ball, location: 2F
1-2: Ground out 5-3 (Groundball, 56S)
Batting: RHB Jon Osterman 0-0: Ball
1-0: SINGLE (Groundball, 6MD)
Batting: RHB Juan Chávez 0-0: Foul Ball, location: 2F
0-1: Foul Ball, location: 2F
0-2: Foul Ball, location: 2F
0-2: Ball
1-2: Grounds into double play, 3-6-3 (Groundball, 3)
Bottom of the 4th over - 0 runs, 1 hit, 0 errors, 0 left on base; Oakland 0 - Houston 3
TOP OF THE 5TH
Oakland Oaks batting - Pitching for Houston 1837 BBC : RHP Darweshi Hadiya
Batting: RHB Randy Contreras 0-0: Called Strike
0-1: Ground out 6-3 (Groundball, 6)
Batting: RHB Juan Alcocer 0-0: Swinging Strike
0-1: Foul Ball, location: 2F
0-2: Strikes out swinging
Batting: SHB Luis Luquín 0-0: Ball
1-0: Called Strike
1-1: Called Strike
1-2: Ground out 4-3 (Groundball, 4)
Top of the 5th over - 0 runs, 0 hits, 0 errors, 0 left on base; Oakland 0 - Houston 3
BOTTOM OF THE 5TH
Houston 1837 BBC batting - Pitching for Oakland Oaks : LHP Faisal bin Nabeel
Batting: LHB Mike Houston 0-0: Foul Ball, location: 2F
0-1: Foul Ball, location: 2F
0-2: Ball
1-2: Foul Ball, location: 2F
1-2: Ball
2-2: Ground out U3 (Groundball, 3)
Batting: RHB Eugene Bennett 0-0: Ball
1-0: Ball
2-0: Foul Ball, location: 2F
2-1: Foul Ball, location: 2F
2-2: Foul Ball, location: 2F
2-2: Ball
3-2: Foul Ball, location: 2F
3-2: Foul Ball, location: 2F
3-2: Ground out 3-1 (Groundball, 34)
Batting: LHB Scott Kerin 0-0: Foul Ball, location: 2F
0-1: DOUBLE (Line Drive, 3D)
Pitching: RHP Jeff Mahl
Batting: RHB Joey Trifone 0-0: Called Strike
0-1: Ball
1-1: Ground out 5-3 (Groundball, 56)
Bottom of the 5th over - 0 runs, 1 hit, 0 errors, 1 left on base; Oakland 0 - Houston 3
TOP OF THE 6TH
Oakland Oaks batting - Pitching for Houston 1837 BBC : RHP Darweshi Hadiya
Batting: RHB Esteban Vázquez 0-0: Ball
1-0: Swinging Strike
1-1: Swinging Strike
1-2: Strikes out swinging
Batting: RHB Yehonatan Chazan 0-0: Called Strike
0-1: Ball
1-1: SINGLE (Line Drive, 6MD)
Batting: LHB Obidiah Lewis 0-0: Ball
Yehonatan Chazan is caught stealing 2nd base
1-0: Called Strike
1-1: Foul Ball, location: 2F
1-2: Foul Ball, location: 2F
1-2: Ground out 4-3 (Groundball, 4)
Top of the 6th over - 0 runs, 1 hit, 0 errors, 0 left on base; Oakland 0 - Houston 3
BOTTOM OF THE 6TH
Houston 1837 BBC batting - Pitching for Oakland Oaks : RHP Jeff Mahl
Batting: LHB Kai-ge Choe 0-0: Foul Ball, location: 2F
0-1: Ball
1-1: SINGLE (Line Drive, 4M)
Batting: RHB Phil Sherman 0-0: Foul Ball, location: 2F
0-1: Ball
1-1: Ball
2-1: Ball
3-1: Called Strike
3-2: Grounds into double play, 6-4-3 (Groundball, 6)
Batting: RHB Komotay Koffie 0-0: SINGLE (Line Drive, 7S)
Batting: RHB Jon Osterman 0-0: Called Strike
0-1: Swinging Strike
0-2: Ball
1-2: Fly out, F6 (Flyball, 56D)
Bottom of the 6th over - 0 runs, 2 hits, 0 errors, 1 left on base; Oakland 0 - Houston 3
TOP OF THE 7TH
Oakland Oaks batting - Pitching for Houston 1837 BBC : RHP Darweshi Hadiya
Batting: RHB Colin O'Connell 0-0: Ball
1-0: Foul Ball, location: 2F
1-1: SINGLE (Line Drive, 7S)
Batting: RHB Joseph Papasogli 0-0: Foul Ball, location: 2F
0-1: Grounds into double play, 6-4-3 (Groundball, 6)
Batting: RHB Alfonso Nazario 0-0: Fly out, F7 (Flyball, 7S)
Top of the 7th over - 0 runs, 1 hit, 0 errors, 0 left on base; Oakland 0 - Houston 3
BOTTOM OF THE 7TH
Houston 1837 BBC batting - Pitching for Oakland Oaks : RHP Jeff Mahl
Batting: RHB Juan Chávez 0-0: Ball
1-0: Called Strike
1-1: Foul Ball, location: 2F
1-2: Foul Ball, location: 2F
1-2: Fly out, F3 (Flyball, 3D)
Batting: LHB Mike Houston 0-0: Called Strike
0-1: Called Strike
0-2: Ground out 3-1 (Groundball, 34)
Batting: RHB Eugene Bennett 0-0: Called Strike
0-1: Foul Ball, location: 2F
0-2: Ball
1-2: Fly out, F9 (Line Drive, 9)
Bottom of the 7th over - 0 runs, 0 hits, 0 errors, 0 left on base; Oakland 0 - Houston 3
TOP OF THE 8TH
Oakland Oaks batting - Pitching for Houston 1837 BBC : RHP Darweshi Hadiya
Batting: RHB Randy Contreras 0-0: Ground out 6-3 (Groundball, 6)
Batting: RHB Juan Alcocer 0-0: Foul Ball, location: 2F
0-1: Fly out, F9 (Line Drive, 9LS)
Batting: SHB Luis Luquín 0-0: Called Strike
0-1: Called Strike
0-2: Strikes out looking
Top of the 8th over - 0 runs, 0 hits, 0 errors, 0 left on base; Oakland 0 - Houston 3
BOTTOM OF THE 8TH
Houston 1837 BBC batting - Pitching for Oakland Oaks : RHP Jeff Mahl
Batting: LHB Scott Kerin 0-0: Swinging Strike
0-1: Called Strike
0-2: Ball
1-2: Strikes out swinging
Batting: RHB Joey Trifone 0-0: Ball
1-0: Fly out, F8 (Flyball, 8LD)
Batting: LHB Kai-ge Choe 0-0: Ball
1-0: Ball
2-0: Foul Ball, location: 2F
2-1: Foul Ball, location: 2F
2-2: Strikes out swinging
Bottom of the 8th over - 0 runs, 0 hits, 0 errors, 0 left on base; Oakland 0 - Houston 3
TOP OF THE 9TH
Oakland Oaks batting - Pitching for Houston 1837 BBC : RHP Darweshi Hadiya
Batting: RHB Esteban Vázquez 0-0: Called Strike
0-1: Ball
1-1: Ball
2-1: Ball
3-1: Foul Ball, location: 2F
3-2: Foul Ball, location: 2F
3-2: Strikes out swinging
Batting: RHB Yehonatan Chazan 0-0: Called Strike
0-1: Called Strike
0-2: SINGLE (Groundball, 5D)
Pitching: RHP José Ledezma
Batting: LHB Obidiah Lewis 0-0: Ball
1-0: Called Strike
1-1: Swinging Strike
1-2: Foul Ball, location: 2F
1-2: Ball
2-2: Ball
3-2: Foul Ball, location: 2F
3-2: Foul Ball, location: 2F
3-2: Fly out, F8 (Flyball, 8RM)
Batting: RHB Colin O'Connell 0-0: Ball
1-0: Swinging Strike
1-1: Foul Ball, location: 2F
1-2: Strikes out looking
Top of the 9th over - 0 runs, 1 hit, 0 errors, 1 left on base; Oakland 0 - Houston 3
Friday, March 29th, 2019 - OOTP Baseball 18.8 Build 76